 Dungeon Sprint DCSS version 0.15-a0-2150-g4d68560 (webtiles) character file.

86442264 fransbal the Archmage (level 23, 245/262 HPs)
             Began as a Deep Elf Venom Mage on July 16, 2014.
             Was the Champion of Sif Muna.
             Escaped with the Orb
             ... and 17 runes on July 18, 2014!
             The game lasted 03:15:12 (21192 turns).

fransbal the Archmage (Deep Elf Venom Mage)        Turns: 21192, Time: 03:15:12

HP 245/262       AC 14     Str 10      XL: 23   Next: 36%
MP  49/49        EV 40     Int 40      God: Sif Muna [******]
Gold 106         SH  0     Dex 20      Spells: 17 memorised,  1 level left

rFire  + . .     SeeInvis .       - Unarmed
rCold  . . .     Clarity  +     F - +3 leather armour {rC+}
rNeg   + . .     rCorr    .     (no shield)
rPois  .         rRot     .     (helmet restricted)
rElec  .         Spirit   .     j - +2 cloak
SustAb .         Warding  .     t - +0 pair of gloves
rMut   .         NoTele   +     (no boots)
Gourm  .                        S - amulet of Sunlight {+Rage rN+}
MR     ++...                    Y - +6 ring of intelligence
                                h - ring of fire

@: mighty, brilliant, agile, berserking, slightly contaminated, regenerating,
hasted, delayed fireball, glowing, deflect missiles, very quick, very resistant
to hostile enchantments, extremely unstealthy
A: horns 1, clarity, dopey 1
a: Channel Energy, Forget Spell, Renounce Religion, Release Delayed Fireball,
Evoke Berserk Rage
0: Orb of Zot
}: 17/15 runes: decaying, serpentine, barnacled, slimy, elven, silver, golden,
iron, obsidian, icy, bone, abyssal, glowing, magical, fiery, dark, gossamer


You escaped.
You worshipped Sif Muna.
Sif Muna was exalted by your worship.
You were very full.

You visited 1 branch You collected 1998 gold pieces.
You spent 1892 gold pieces at shops.


Innate Abilities, Weirdness & Mutations

You have a pair of small horns on your head.
You possess an exceptional clarity of mind.
You are dopey. (Int -2)


   Skills:
 O Level 27 Fighting
 + Level 21.6 Armour
 O Level 27 Dodging
 O Level 27 Stealth
 O Level 27 Unarmed Combat
 O Level 27 Spellcasting
 O Level 27 Conjurations
 O Level 27 Charms
 + Level 2.0 Summonings
 O Level 27 Necromancy
 O Level 27 Translocations
   Level 8.7 Transmutations
 O Level 27 Fire Magic
 O Level 27 Earth Magic
 + Level 10.5 Poison Magic
 O Level 27 Invocations


You had one spell level left.
You knew the following spells:

 Your Spells              Type           Power        Failure   Level  Hunger
b - Summon Butterflies    Summ           #######.     1%          1    None
c - Regeneration          Chrm/Necr      ########..   0%          3    None
e - Fireball              Conj/Fire      #########.   0%          5    None
g - Shroud of Golubria    Chrm/Tloc      ########..   0%          2    None
i - Cure Poison           Pois           ########..   0%          2    None
p - Phase Shift           Tloc           ########..   0%          5    None
q - Lehudib's Crystal Sp  Conj/Erth      ########..   1%          8    None
r - Deflect Missiles      Chrm/Air       ########..   1%          6    None
v - Blink                 Tloc           N/A          0%          2    None
z - Sublimation of Blood  Necr           ########..   0%          2    None
A - Apportation           Tloc           ########..   0%          1    None
B - Bolt of Fire          Conj/Fire      #########.   0%          6    None
D - Delayed Fireball      Conj/Fire      N/A          0%          7    None
H - Haste                 Chrm           ########     0%          6    None
Q - Fire Storm            Conj/Fire      #########.   1%          9    None
V - Controlled Blink      Tloc           N/A          0%          7    None
Y - Death's Door          Chrm/Necr      ########..   1%          8    None

Inventory:

Hand weapons
 b - the +1 great sword of Devotion {slice, rElec rC+ MR++}
   (You found it in the Dungeon)

   It inflicts extra damage upon your enemies.
   It protects you from cold.
   It insulates you from electricity.
   It affects your resistance to hostile enchantments.
 C - a +0 eveningstar
Armour
 j - a +2 cloak (worn)
 k - a +2 helmet
 r - the +0 robe of the Invisible Hand {MR+}
   (You found it in the Dungeon)

   It affects your resistance to hostile enchantments.
 t - a +0 pair of gloves (worn)
 F - a +3 leather armour of cold resistance (worn)
 G - a +4 troll leather armour
 Z - a +3 ice dragon armour
Magical devices
 c - a wand of hasting (5)
 E - a wand of fireball (2)
Comestibles
 s - 3 fruits
 D - a meat ration
Scrolls
 i - a scroll of blinking
 m - 7 scrolls of remove curse
 n - a scroll of amnesia
 x - 3 scrolls of fear
 y - 4 scrolls of fog
 z - a scroll of enchant armour
 X - a scroll of recharging
Jewellery
 h - a ring of fire (left hand)
 o - the ring of Qetocs {+Fly rC+}
   (You found it in the Dungeon)

   [ring of protection from cold]

   It protects you from cold.
   It lets you fly.
 w - an uncursed amulet of clarity
 B - an uncursed ring of protection from magic
 H - an uncursed amulet of resist mutation
 I - an uncursed amulet of resist corrosion
 J - a +5 ring of protection
 K - an uncursed ring of see invisible
 L - an uncursed ring of poison resistance
 M - an uncursed ring of fire
 S - the amulet of Sunlight (around neck) {+Rage rN+}
   (You found it in the Dungeon)

   [amulet of rage]

   It protects you from negative energy.
   It lets you go berserk.
 W - an uncursed ring of positive energy
 Y - a +6 ring of intelligence (right hand)
Potions
 d - 3 potions of curing
 e - 10 potions of heal wounds
 f - 3 potions of haste
 g - 3 potions of magic
 l - a potion of invisibility
 u - 4 potions of might
 v - 2 potions of resistance
 Q - 2 potions of agility
Books
 p - Sif Muna's Compendium of Moulding
   (Sif Muna gifted it to you in the Dungeon)

   Spells                             Type                      Level
   Sticks to Snakes                   Transmutation                2
   Dragon Form                        Transmutation                7
   Necromutation                      Transmutation/Necromancy     8
 A - Sif Muna's Volume of Protection and Evil Arts
   (Sif Muna gifted it to you in the Dungeon)

   Spells                             Type                      Level
   Sure Blade                         Hexes/Charms                 2
   Excruciating Wounds                Charms/Necromancy            5
   Iskenderun's Battlesphere          Conjuration/Charms           5
   *Death's Door                      Charms/Necromancy            8
 V - Sif Muna's Papyrus of Unholy Rituals
   (Sif Muna gifted it to you in the Dungeon)

   Spells                             Type                      Level
   *Sublimation of Blood              Necromancy                   2
   *Regeneration                      Charms/Necromancy            3
   Bolt of Draining                   Conjuration/Necromancy       5
   Agony                              Necromancy                   5
   Twisted Resurrection               Necromancy                   5
Magical staves
 a - an uncursed staff of energy {!a}
Miscellaneous
 O - the horn of Geryon


Message History

Really quaff
T - a potion of cure mutation {!q}? [Y]es or [N]o only, please.
Really quaff
T - a potion of cure mutation {!q}?
It has a very clean taste.
You feel robust.
You feel a little more calm.
You feel genetically unstable.
Your urge to shout disappears.
Quiver which item? (- for none, * to show all) (? for menu, Esc to quit)
Okay, then.
Drink which item? (? for menu, Esc to quit)
You feel your dexterity returning.
Drink which item? (? for menu, Esc to quit)
You feel yourself speed up.
Drink which item? (? for menu, Esc to quit)
Magic courses through your body.
Drink which item? (? for menu, Esc to quit)
Really quaff
N - a potion of berserk rage {!q}?
A red film seems to cover your vision as you go berserk!
You feel yourself moving faster!
You feel mighty!
You feel a strong urge to attack something.
You have escaped!

##################
...#...#...#...#@#
.#.#.#.#.#.#.#.#)#
.#.#.#.#.#.#.#.#)#
.#.#.#.#.#.#.#.#.#
.#.#.#.#.#.#.#.#.#
.#.#.#.#.#.#.#:#.#
.#.#.#.#)#.#.#.#'#
.#.#.#.#.#.#'#.#.#
.#.#.#.#.#.#.#.#.#


There were no monsters in sight!

Vanquished Creatures
  Antaeus (D)
  Asmodeus (D)
  Cerebov (D)
  the royal jelly (D)
  Ereshkigal (D)
  Gloorx Vloq (D)
  Lom Lobon (D)
  Dispater (D)
  2 orbs of fire (D)
  4 ancient liches (D)
  8 greater mummies (D)
  Boris (D)
  A curse toe (D)
  Margery (D)
  Norris (D)
  Mara (D)
  Mennas (D)
  9 pandemonium lords (D)
  Geryon (D)
  5 golden dragons (D)
  Jory (D)
  A Brimstone Fiend (D)
  Xtahua (D)
  Frederick (D)
  2 electric golems (D)
  Nikola (D)
  6 liches (D)
  A Hell Sentinel (D)
  3 tentacled monstrosities (D)
  An Ice Fiend (D)
  39 Orb Guardians (D)
  A deep elf master archer (D)
  2 deep elf blademasters (D)
  3 Shadow Fiends (D)
  4 storm dragons (D)
  10 sphinxes (D)
  A quicksilver dragon (D)
  11 acid blobs (D)
  An Executioner (D)
  8 shadow dragons (D)
  A tengu reaver (D)
  9 azure jellies (D)
  2 draconian monks (D)
  Ilsuiw (D)
  4 fire giants (D)
  7 greater nagas (D)
  2 draconian scorchers (D)
  A draconian knight (D)
  4 deep elf sorcerers (D)
  2 balrugs (D)
  Louise (D)
  8 emperor scorpions (D)
  3 vault wardens (D)
  A cacodemon (D)
  4 draconian zealots (D)
  4 stone giants (D)
  3 draconian callers (D)
  A grey draconian (D)
  4 deep elf demonologists (D)
  A deep elf annihilator (D)
  2 lorocyprocas (D)
  6 vampire knights (D)
  5 reapers (D)
  2 mottled draconians (D)
  A pale draconian (D)
  A black draconian (D)
  2 red draconians (D)
  3 purple draconians (D)
  A black sun (D)
  A blizzard demon (D)
  2 merfolk javelineers (D)
  A minotaur (D)
  A deep elf death mage (D)
  3 mummy priests (D)
  2 green deaths (D)
  25 vault guards (D)
  6 fire dragons (D)
  2 yaktaur captains (D)
  A deep elf high priest (D)
  4 ice dragons (D)
  2 ettins (D)
  6 merfolk impalers (D)
  5 death oozes (D)
  2 ironheart preservers (D)
  A spriggan air mage (D)
  5 death cobs (D)
  9 hydras (D)
  Harold (D)
  2 naga warriors (D)
  An anaconda (D)
  2 great orbs of eyes (D)
  A monstrous demonspawn (D)
  2 rakshasas (D)
  2 centaur warriors (D)
  An alligator snapping turtle (D)
  3 merfolk aquamancers (D)
  2 very ugly things (D)
  10 ogre magi (D)
  3 hell hogs (D)
  A naga sharpshooter (D)
  Urug (D)
  A catoblepas (D)
  2 spriggan berserkers (D)
  5 soul eaters (D)
  3 sun demons (D)
  5 hell knights (D)
  6 deep trolls (D)
  3 ice devils (D)
  3 shadow demons (D)
  A large abomination (D)
  A ball lightning (D)
  4 sea snakes (D)
  A torturous demonspawn (D)
  6 hill giants (D)
  A spriggan druid (D)
  A death drake (D)
  A putrid demonspawn (D)
  A naga ritualist (D)
  4 swamp dragons (D)
  2 ironbrand convokers (D)
  A red wasp (D)
  A mana viper (D)
  7 orc knights (D)
  A manticore (D)
  5 wolf spiders (D)
  3 shining eyes (D)
  14 moths of wrath (D)
  A salamander (D)
  2 hellions (D)
  2 cyclopes (D)
  3 vault sentinels (D)
  4 sixfirhies (D)
  A mermaid (D)
  A toenail golem (D)
  An octopode (shapeshifter) (D)
  5 orange demons (D)
  4 tormentors (D)
  6 smoke demons (D)
  4 guardian serpents (D)
  2 black mambas (D)
  2 naga magi (D)
  4 spiny frogs (D)
  A torpor snail (D)
  5 iron devils (D)
  2 komodo dragons (D)
  2 freezing wraiths (D)
  4 red devils (D)
  3 demonic crawlers (D)
  3 hell beasts (D)
  2 ancient zymes (D)
  5 hellwings (D)
  16 guardian mummies (D)
  A queen bee (shapeshifter) (D)
  A yaktaur (D)
  4 merfolk (D)
  A deep elf priest (D)
  2 polar bears (D)
  A slime creature (D)
  A fire vortex (D)
  3 jumping spiders (D)
  2 trolls (D)
  A wandering mushroom (D)
  5 blue devils (D)
  2 small abominations (D)
  A boulder beetle (D)
  2 raiju (D)
  3 redbacks (D)
  2 trapdoor spiders (D)
  A vampire (D)
  3 shadows (D)
  A deep elf mage (D)
  A basilisk (D)
  11 spriggans (D)
  5 golden eyes (D)
  A ynoxinul (D)
  Eustachio (D)
  2 vampire mosquitoes (D)
  An ugly thing (D)
  A neqoxec (D)
  A soldier ant (shapeshifter) (D)
  4 chaos spawn (D)
  6 water moccasins (D)
  3 swamp drakes (D)
  A mottled dragon (D)
  6 black bears (D)
  13 orc warriors (D)
  A boggart (D)
  A boring beetle (shapeshifter) (D)
  2 crocodiles (D)
  A centaur (D)
  A brain worm (D)
  A giant frog (D)
  A scorpion (D)
  2 eyes of draining (D)
  4 quasits (D)
  A crimson imp (D)
  3 orc priests (D)
  A hound (D)
  An iron imp (D)
  3 orc wizards (D)
  A mummy (D)
  2 adders (D)
  A shadow imp (D)
  4 white imps (D)
  2 ufetubi (D)
  2 giant eyeballs (D)
  A giant gecko (D)
  4 orcs (D)
  4 bats (D)
  2 bat skeletons (D)
  3 goblins (D)
  4 hobgoblins (D)
  A quokka (D)
  A giant spore (D)
  A goblin skeleton (D)
  3 kobolds (D)
  5 rats (D)
  A rat zombie (D)
  2 butterflies (D)
  A crawling corpse (D)
667 creatures vanquished.

Vanquished Creatures (collateral kills)
  2 sphinxes (D)
  A stone giant (D)
  A vampire knight (D)
  A white draconian (D)
  A guardian mummy (D)
  A golden eye (D)
  A small abomination (D)
8 creatures vanquished.

Vanquished Creatures (others)
  Mnoleg (D)
  A blizzard demon (D)
  A fire dragon (D)
  A centaur warrior (D)
  2 ball lightnings (D)
  88 fire vortices (D)
  A lost soul (D)
  A giant frog (D)
  A giant spore (D)
  3 butterflies (D)
  A fungus (D)
  A plant (D)
102 creatures vanquished.

Grand Total: 777 creatures vanquished

Notes
Turn   | Place    | Note
--------------------------------------------------------------
     0 | D        | fransbal, the Deep Elf Venom Mage, began the quest for the Orb.
     0 | D        | Reached XP level 1. HP: 10/10 MP: 5/5
     9 | D        | Reached skill level 1 in Conjurations
    21 | D        | Reached skill level 5 in Poison Magic
   268 | D        | Reached XP level 2. HP: 13/15 MP: 0/10
   288 | D        | Found a glowing silver altar of Zin.
   288 | D        | Found a glowing golden altar of the Shining One.
   288 | D        | Found an ancient bone altar of Kikubaaqudgha.
   288 | D        | Found a basalt altar of Yredelemnul.
   288 | D        | Found a shimmering altar of Xom.
   288 | D        | Found a radiant altar of Vehumet.
   288 | D        | Found an iron altar of Okawaru.
   289 | D        | Found a burning altar of Makhleb.
   290 | D        | Found a deep blue altar of Sif Muna.
   291 | D        | Found a bloodstained altar of Trog.
   292 | D        | Found a sparkling altar of Nemelex Xobeh.
   293 | D        | Found a white marble altar of Elyvilon.
   294 | D        | Found a roughly hewn altar of Beogh.
   295 | D        | Found a viscous altar of Jiyva.
   296 | D        | Found a corrupted altar of Lugonu.
   297 | D        | Found a blossoming altar of Fedhas.
   298 | D        | Found a snail-covered altar of Cheibriados.
   299 | D        | Found a shadowy altar of Dithmenos.
   300 | D        | Found a stormy altar of Qazlal.
   303 | D        | Became a worshipper of Sif Muna the Loreminder
   383 | D        | Found an opulent altar of Gozag.
   426 | D        | Learned a level 2 spell: Cure Poison
   426 | D        | Noticed a centaur
   426 | D        | Noticed a troll
   429 | D        | Killed a centaur
   429 | D        | Acquired Sif Muna's first power
   429 | D        | Acquired Sif Muna's second power
   429 | D        | Reached skill level 7 in Spellcasting
   429 | D        | Reached XP level 3. HP: 19/19 MP: 12/17
   429 | D        | Reached XP level 4. HP: 24/24 MP: 14/20
   435 | D        | Killed a troll
   435 | D        | Acquired Sif Muna's third power
   435 | D        | Reached skill level 11 in Spellcasting
   435 | D        | Reached XP level 5. HP: 15/28 MP: 11/25
   435 | D        | Reached XP level 6. HP: 17/32 MP: 11/27
   589 | D        | Learned a level 3 spell: Mephitic Cloud
   595 | D        | Learned a level 5 spell: Venom Bolt
   595 | D        | Noticed a hill giant
   595 | D        | Noticed a giant frog
   595 | D        | Noticed an orc warrior
   595 | D        | Noticed a cyclops
   596 | D        | Killed a giant frog
   596 | D        | Killed a hill giant
   596 | D        | Reached skill level 1 in Fighting
   596 | D        | Reached skill level 3 in Dodging
   596 | D        | Reached skill level 9 in Conjurations
   600 | D        | Killed an orc warrior
   609 | D        | Killed a cyclops
   609 | D        | Reached skill level 12 in Spellcasting
   609 | D        | Reached XP level 7. HP: 15/40 MP: 13/29
   802 | D        | Gained mutation: You are somewhat resistant to further mutation. [potion of mutation]
   802 | D        | Gained mutation: You possess an exceptional clarity of mind. [potion of mutation]
   802 | D        | Gained mutation: You are partially covered in molten scales (AC +1). [potion of mutation]
   816 | D        | Noticed a spiny frog
   816 | D        | Noticed a komodo dragon
   816 | D        | Noticed a komodo dragon
   816 | D        | Noticed a water moccasin
   816 | D        | Noticed a crocodile
   816 | D        | Noticed a spiny frog
   816 | D        | Noticed a scorpion
   818 | D        | Killed a komodo dragon
   818 | D        | Reached skill level 3 in Fighting
   818 | D        | Reached skill level 6 in Dodging
   818 | D        | Reached skill level 3 in Invocations
   819 | D        | Killed a komodo dragon
   819 | D        | Reached skill level 13 in Spellcasting
   819 | D        | Reached XP level 8. HP: 43/48 MP: 14/31
   820 | D        | Noticed a crocodile
   820 | D        | Killed a water moccasin
   821 | D        | Killed a spiny frog
   821 | D        | Received a gift from Sif Muna
   821 | D        | Killed a crocodile
   823 | D        | Killed a spiny frog
   823 | D        | Reached skill level 6 in Invocations
   823 | D        | Killed a scorpion
   824 | D        | Killed a crocodile
   824 | D        | Reached skill level 9 in Dodging
   824 | D        | Reached skill level 14 in Spellcasting
   975 | D        | Learned a level 2 spell: Blink
   977 | D        | Learned a level 1 spell: Apportation
  1005 | D        | Noticed a spiny frog
  1005 | D        | Noticed a black mamba
  1005 | D        | Noticed a torpor snail
  1005 | D        | Noticed a hound
  1005 | D        | Noticed a water moccasin
  1005 | D        | Noticed a spiny frog
  1005 | D        | Noticed a water moccasin
  1007 | D        | Killed a hound
  1008 | D        | Killed a spiny frog
  1008 | D        | Reached skill level 6 in Fighting
  1008 | D        | Reached XP level 9. HP: 52/55 MP: 33/33
  1009 | D        | Killed a water moccasin
  1009 | D        | Reached skill level 12 in Conjurations
  1010 | D        | Killed a torpor snail
  1011 | D        | Killed a black mamba
  1011 | D        | Killed a spiny frog
  1013 | D        | Killed a water moccasin
  1013 | D        | Reached skill level 15 in Spellcasting
  1014 | D        | Noticed a giant frog
  1191 | D        | Noticed a water moccasin
  1193 | D        | Killed a giant frog
  1196 | D        | Killed a water moccasin
  1263 | D        | Learned a level 2 spell: Shroud of Golubria
  1268 | D        | Learned a level 4 spell: Passage of Golubria
  1273 | D        | Noticed a black bear
  1273 | D        | Noticed a polar bear
  1273 | D        | Noticed a black bear
  1273 | D        | Noticed a black bear
  1273 | D        | Noticed a black bear
  1273 | D        | Noticed a polar bear
  1273 | D        | Noticed a black bear
  1274 | D        | Killed a black bear
  1274 | D        | Killed a black bear
  1274 | D        | Received a gift from Sif Muna
  1276 | D        | Identified Sif Muna's Incunabulum of Attacks (Sif Muna gifted it to you in the Dungeon)
  1283 | D        | Learned a level 5 spell: Force Lance
  1289 | D        | Learned a level 5 spell: Lightning Bolt
  1297 | D        | Learned a level 7 spell: Orb of Destruction
  1466 | D        | Killed a black bear
  1467 | D        | Killed a black bear
  1467 | D        | Killed a polar bear
  1467 | D        | Reached skill level 9 in Invocations
  1467 | D        | Reached XP level 10. HP: 63/63 MP: 15/35
  1469 | D        | Noticed a black bear
  1469 | D        | Killed a black bear
  1475 | D        | Killed a black bear
  1476 | D        | Killed a polar bear
  1745 | D        | Noticed Harold
  1749 | D        | Noticed Urug
  1769 | D        | Killed Harold
  1770 | D        | Killed Urug
  1770 | D        | Reached skill level 16 in Spellcasting
  1934 | D        | Noticed an orc priest
  1934 | D        | Noticed an orc wizard
  1934 | D        | Noticed an orc wizard
  1934 | D        | Noticed an orc warrior
  1935 | D        | Noticed an orc warrior
  1936 | D        | Killed an orc priest
  1936 | D        | Killed an orc wizard
  1937 | D        | Killed an orc wizard
  1937 | D        | Reached skill level 12 in Dodging
  1940 | D        | Noticed an orc warrior
  1941 | D        | Noticed an orc priest
  1943 | D        | Killed an orc warrior
  1949 | D        | Killed an orc warrior
  1949 | D        | Killed an orc warrior
  1949 | D        | HP: 12/65 [orc priest/divine providence (11)]
  2043 | D        | Killed an orc priest
  2487 | D        | Noticed an orc priest
  2491 | D        | Killed an orc priest
  2492 | D        | Noticed an orc wizard
  2495 | D        | Killed an orc wizard
  2537 | D        | Noticed an orc warrior
  2537 | D        | Noticed an orc warrior
  2537 | D        | Noticed an orc knight
  2537 | D        | Noticed an orc warrior
  2537 | D        | Noticed an orc knight
  2537 | D        | Noticed an orc knight
  2537 | D        | Noticed an orc warrior
  2538 | D        | Noticed an orc warrior
  2539 | D        | Killed an orc warrior
  2541 | D        | Killed an orc warrior
  2544 | D        | Noticed an orc warrior
  2544 | D        | Killed an orc knight
  2544 | D        | Killed an orc warrior
  2546 | D        | Killed an orc knight
  2546 | D        | Reached skill level 9 in Fighting
  2546 | D        | Killed an orc warrior
  2548 | D        | Noticed an orc warrior
  2550 | D        | Killed an orc warrior
  2550 | D        | Received a gift from Sif Muna
  2551 | D        | Killed an orc knight
  2551 | D        | Reached XP level 11. HP: 67/71 MP: 1/36
  2551 | D        | Killed an orc warrior
  2552 | D        | Noticed an orc warrior
  2556 | D        | Killed an orc warrior
  2557 | D        | Killed an orc warrior
  2558 | D        | Identified Sif Muna's Grimoire of Scorching Combat Magic (Sif Muna gifted it to you in the Dungeon)
  2564 | D        | Learned a level 4 spell: Sticky Flame
  2574 | D        | Noticed an orc warrior
  2579 | D        | Killed an orc warrior
  2648 | D        | Found Sakkur's Weapon Emporium.
  2648 | D        | Noticed a hill giant
  2648 | D        | Noticed a hill giant
  2648 | D        | Noticed an ogre mage
  2648 | D        | Noticed a deep troll
  2648 | D        | Noticed a deep troll
  2648 | D        | Noticed a deep troll
  2650 | D        | Killed a hill giant
  2650 | D        | Reached skill level 1 in Fire Magic
  2651 | D        | Killed a hill giant
  2651 | D        | Reached skill level 17 in Spellcasting
  2652 | D        | Noticed a hill giant
  2652 | D        | Killed an ogre mage
  2652 | D        | Reached skill level 3 in Fire Magic
  2655 | D        | Killed a deep troll
  2660 | D        | Killed a deep troll
  2661 | D        | Killed a hill giant
  2661 | D        | Reached skill level 12 in Invocations
  2662 | D        | Noticed a stone giant
  2667 | D        | Killed a deep troll
  2669 | D        | Killed a stone giant
  2669 | D        | Received a gift from Sif Muna
  2669 | D        | Reached skill level 15 in Conjurations
  2670 | D        | Identified Sif Muna's Handbook of Attacks (Sif Muna gifted it to you in the Dungeon)
  2888 | D        | Found Irae's Weapon Shoppe.
  2891 | D        | Found Kligg's Antique Weapon Emporium.
  2895 | D        | Found Ituydem's Jewellery Shoppe.
  2897 | D        | Noticed an ogre mage
  2898 | D        | Noticed a deep troll
  2899 | D        | Noticed an ogre mage
  2901 | D        | Killed an ogre mage
  2903 | D        | Noticed an ogre mage
  2904 | D        | Noticed a deep troll
  2907 | D        | Killed an ogre mage
  2911 | D        | Killed a deep troll
  2911 | D        | Reached skill level 6 in Fire Magic
  2915 | D        | Killed an ogre mage
  2915 | D        | Reached skill level 18 in Spellcasting
  2916 | D        | Killed a deep troll
  3037 | D        | Bought an uncursed amulet of resist mutation for 440 gold pieces
  3037 | D        | Bought a cursed amulet of resist corrosion for 187 gold pieces
  3037 | D        | Bought a +5 ring of protection for 605 gold pieces
  3037 | D        | Bought an uncursed ring of see invisible for 165 gold pieces
  3037 | D        | Bought an uncursed ring of poison resistance for 220 gold pieces
  3037 | D        | Bought an uncursed ring of fire for 275 gold pieces
  3046 | D        | Learned a level 6 spell: Poisonous Cloud
  3175 | D        | Got the cursed +0 robe of the Invisible Hand {MR+}
  3224 | D        | Noticed a brain worm
  3224 | D        | Noticed a manticore
  3224 | D        | Noticed a boggart
  3224 | D        | Noticed a basilisk
  3226 | D        | Killed a brain worm
  3229 | D        | Killed a boggart
  3230 | D        | Killed a basilisk
  3230 | D        | Reached XP level 12. HP: 79/79 MP: 14/38
  3233 | D        | Noticed an ogre mage
  3233 | D        | Killed an ogre mage
  3233 | D        | Killed a manticore
  3242 | D        | Noticed a centaur warrior
  3244 | D        | Noticed a catoblepas
  3245 | D        | Noticed an ogre mage
  3245 | D        | Noticed a green very ugly thing
  3245 | D        | Killed a centaur warrior
  3245 | D        | Received a gift from Sif Muna
  3246 | D        | Identified Sif Muna's Almanac of the Harmful Arsonist (Sif Muna gifted it to you in the Dungeon)
  3251 | D        | Killed a catoblepas
  3261 | D        | Killed an ogre mage
  3262 | D        | Noticed an emperor scorpion
  3278 | D        | Killed a green very ugly thing
  3347 | D        | Killed an emperor scorpion
  3347 | D        | Received a gift from Sif Muna
  3347 | D        | Reached skill level 19 in Spellcasting
  3347 | D        | Reached skill level 9 in Fire Magic
  3351 | D        | Learned a level 1 spell: Infusion
  3358 | D        | Learned a level 5 spell: Fireball
  3454 | D        | Noticed a fire dragon
  3458 | D        | Killed a fire dragon
  3548 | D        | Noticed a queen bee
  3555 | D        | Killed a queen bee
  3675 | D        | Noticed Eustachio
  3683 | D        | Killed Eustachio
  3774 | D        | Noticed a vampire mosquito
  3774 | D        | Noticed a swamp drake
  3774 | D        | Noticed a swamp drake
  3774 | D        | Noticed a swamp dragon
  3774 | D        | Noticed a vampire mosquito
  3774 | D        | Noticed a six-headed hydra
  3774 | D        | Noticed a water moccasin
  3778 | D        | Killed a vampire mosquito
  3781 | D        | Killed a swamp drake
  3785 | D        | Killed a swamp drake
  3789 | D        | Killed a swamp dragon
  3789 | D        | Killed a vampire mosquito
  3791 | D        | Killed a water moccasin
  3794 | D        | Killed a six-headed hydra
  3842 | D        | Learned a level 3 spell: Regeneration
  3853 | D        | Noticed a wolf spider
  3853 | D        | Noticed a redback
  3853 | D        | Noticed a redback
  3853 | D        | Noticed an emperor scorpion
  3853 | D        | Noticed a wolf spider
  3853 | D        | Noticed an emperor scorpion
  3855 | D        | Killed a redback
  3855 | D        | Killed a redback
  3856 | D        | Killed a wolf spider
  3856 | D        | Received a gift from Sif Muna
  3858 | D        | Noticed a demonic crawler
  3860 | D        | Killed a trapdoor spider
  3860 | D        | Killed a wolf spider
  3861 | D        | Killed a wolf spider
  3870 | D        | Killed an emperor scorpion
  3870 | D        | Reached skill level 20 in Spellcasting
  3870 | D        | Reached skill level 15 in Invocations
  3892 | D        | Identified Sif Muna's Incunabulum of Blistering Combat Magic (Sif Muna gifted it to you in the Dungeon)
  4206 | D        | Killed a demonic crawler
  4235 | D        | Killed an emperor scorpion
  4235 | D        | Reached XP level 13. HP: 72/83 MP: 25/40
  4335 | D        | Learned a level 7 spell: Delayed Fireball
  4369 | D        | Noticed a sea snake
  4369 | D        | Noticed a merfolk aquamancer
  4369 | D        | Noticed a sea snake
  4369 | D        | Noticed a sea snake
  4369 | D        | Noticed a mermaid
  4369 | D        | Noticed a merfolk
  4369 | D        | Noticed an alligator snapping turtle
  4372 | D        | Killed a sea snake
  4373 | D        | Noticed a sea snake
  4373 | D        | Killed a merfolk aquamancer
  4373 | D        | Received a gift from Sif Muna
  4374 | D        | Killed a sea snake
  4375 | D        | Killed a sea snake
  4375 | D        | Killed a merfolk
  4376 | D        | Noticed a merfolk
  4380 | D        | Killed a mermaid
  4380 | D        | Reached skill level 12 in Fire Magic
  4381 | D        | Killed a sea snake
  4383 | D        | Killed a merfolk
  4383 | D        | Killed an alligator snapping turtle
  4383 | D        | Reached skill level 18 in Conjurations
  4390 | D        | Identified Sif Muna's Guide on Gliding Confrontation (Sif Muna gifted it to you in the Dungeon)
  4468 | D        | Noticed a mana viper
  4468 | D        | Noticed a black mamba
  4468 | D        | Noticed a naga warrior
  4468 | D        | Noticed a water moccasin
  4468 | D        | Noticed a naga sharpshooter
  4468 | D        | Noticed an anaconda
  4468 | D        | Noticed a naga mage
  4472 | D        | Killed a mana viper
  4472 | D        | Reached skill level 21 in Spellcasting
  4475 | D        | Killed a black mamba
  4479 | D        | Killed a naga warrior
  4485 | D        | Killed a water moccasin
  4485 | D        | Received a gift from Sif Muna
  4494 | D        | Killed an anaconda
  4495 | D        | Killed a naga sharpshooter
  4503 | D        | Noticed a salamander
  4506 | D        | Noticed a naga ritualist
  4526 | D        | Killed a salamander
  4540 | D        | Killed a naga ritualist
  4697 | D        | Identified Iskenderun's Papyrus of Battle Magic (Sif Muna gifted it to you in the Dungeon)
  4855 | D        | Noticed an ettin
  4855 | D        | Noticed a stone giant
  4855 | D        | Noticed a fire giant
  4855 | D        | Noticed a minotaur
  4855 | D        | Noticed a fire giant
  4855 | D        | Noticed a spriggan berserker
  4855 | D        | Noticed a fire giant
  4865 | D        | Killed an ettin
  4871 | D        | HP: 11/83 [stone giant/ large rock (37)]
  4875 | D        | Killed a stone giant
  4878 | D        | Killed a fire giant
  4878 | D        | Received a gift from Sif Muna
  4879 | D        | Identified Sif Muna's Grimoire of Attacks and Fire (Sif Muna gifted it to you in the Dungeon)
  4913 | D        | Learned a level 6 spell: Bolt of Fire
  5026 | D        | Killed a spriggan berserker
  5026 | D        | Reached skill level 22 in Spellcasting
  5090 | D        | Killed a fire giant
  5154 | D        | Killed a minotaur
  5201 | D        | Noticed a golden dragon
  5218 | D        | Killed a golden dragon
  5218 | D        | Received a gift from Sif Muna
  5219 | D        | Identified Sif Muna's Disquisition on Scorching Confrontation (Sif Muna gifted it to you in the Dungeon)
  5319 | D        | Learned a level 6 spell: Poison Arrow
  5323 | D        | Learned a level 3 spell: Inner Flame
  5395 | D        | Noticed a yaktaur
  5404 | D        | Killed a yaktaur
  5404 | D        | Reached skill level 15 in Fire Magic
  5438 | D        | Noticed an ice dragon
  5441 | D        | Killed an ice dragon
  5441 | D        | Received a gift from Sif Muna
  5467 | D        | Noticed a spriggan air mage
  5471 | D        | Killed a spriggan air mage
  5471 | D        | Reached skill level 23 in Spellcasting
  5617 | D        | Noticed a white very ugly thing
  5619 | D        | Noticed a fire giant
  5620 | D        | Noticed a lich
  5624 | D        | Noticed a Brimstone Fiend
  5630 | D        | Killed a white very ugly thing
  5630 | D        | Reached skill level 3 in Charms
  5630 | D        | Reached XP level 14. HP: 88/88 MP: 34/42
  5643 | D        | Killed a fire giant
  5729 | D        | Noticed a cacodemon
  5734 | D        | Killed a cacodemon
  5738 | D        | Paralysed by a lich for 6 turns
  5740 | D        | Killed a lich
  5740 | D        | Received a gift from Sif Muna
  5870 | D        | Noticed an ogre mage
  5872 | D        | Killed an ogre mage
  5899 | D        | Noticed a red ugly thing
  5901 | D        | Killed a red ugly thing
  5919 | D        | Noticed a slime creature
  5923 | D        | Killed a slime creature
  5925 | D        | Noticed a spriggan berserker
  5928 | D        | Killed a spriggan berserker
  5932 | D        | Noticed a boulder beetle
  5938 | D        | Killed a boulder beetle
  5941 | D        | Noticed a great orb of eyes
  5945 | D        | Killed a great orb of eyes
  5945 | D        | Reached skill level 24 in Spellcasting
  5962 | D        | Noticed an orc knight
  5966 | D        | Killed an orc knight
  5966 | D        | Received a gift from Sif Muna
  5967 | D        | Identified Sif Muna's Tome of Battle Magic and the Arsonist (Sif Muna gifted it to you in the Dungeon)
  5973 | D        | Noticed a centaur warrior
  5975 | D        | Noticed a yaktaur captain
  5993 | D        | Killed a yaktaur captain
  6009 | D        | Killed a centaur warrior
  6023 | D        | Noticed a hill giant
  6025 | D        | Noticed a wolf spider
  6027 | D        | Noticed a soldier ant
  6028 | D        | Killed a wolf spider
  6029 | D        | Killed a hill giant
  6029 | D        | Killed a soldier ant
  6033 | D        | Noticed a vault sentinel
  6038 | D        | Killed a vault sentinel
  6042 | D        | Noticed an ogre mage
  6063 | D        | Killed an ogre mage
  6093 | D        | Noticed a hill giant
  6096 | D        | Noticed an ironbrand convoker
  6098 | D        | Noticed an ironheart preserver
  6098 | D        | Killed a hill giant
  6111 | D        | Killed an ironheart preserver
  6111 | D        | Received a gift from Sif Muna
  6112 | D        | Identified Sif Muna's Guide on Assistive Attacks (Sif Muna gifted it to you in the Dungeon)
  6112 | D        | Killed an ironbrand convoker
  6112 | D        | Reached skill level 25 in Spellcasting
  6121 | D        | Noticed a freezing wraith
  6122 | D        | Noticed a tengu reaver
  6123 | D        | Noticed a great orb of eyes
  6125 | D        | Noticed a vault sentinel
  6126 | D        | Killed a freezing wraith
  6128 | D        | Killed a great orb of eyes
  6128 | D        | Reached skill level 18 in Fire Magic
  6130 | D        | Killed a tengu reaver
  6131 | D        | Killed a vault sentinel
  6132 | D        | Noticed an orc knight
  6134 | D        | Noticed a stone giant
  6137 | D        | Noticed a vault warden
  6138 | D        | Noticed an orc knight
  6142 | D        | Killed a vault warden
  6142 | D        | Killed an orc knight
  6142 | D        | Received a gift from Sif Muna
  6143 | D        | Killed a stone giant
  6145 | D        | Killed an orc knight
  6163 | D        | Learned a level 6 spell: Haste
  6249 | D        | Identified Sif Muna's Volume of Scorching Attacks (Sif Muna gifted it to you in the Dungeon)
  6387 | D        | Noticed Mennas
  6506 | D        | Killed Mennas
  6506 | D        | Received a gift from Sif Muna
  6506 | D        | Reached skill level 26 in Spellcasting
  6509 | D        | Identified Sif Muna's Collected Works on Torrid Attacks (Sif Muna gifted it to you in the Dungeon)
  6786 | D        | Got the +1 great sword of Devotion {slice, rElec rC+ MR++}
  6793 | D        | Learned a level 2 spell: Repel Missiles
  6989 | D        | Noticed Norris
  7041 | D        | Killed Norris
  7161 | D        | Noticed Louise
  7165 | D        | Killed Louise
  7165 | D        | Received a gift from Sif Muna
  7176 | D        | Identified Sif Muna's Almanac of Attacks and the Blaze (Sif Muna gifted it to you in the Dungeon)
  7224 | D        | Noticed a greater naga
  7224 | D        | Noticed a greater naga
  7224 | D        | Noticed a naga warrior
  7224 | D        | Noticed a greater naga
  7224 | D        | Noticed a greater naga
  7224 | D        | Noticed a naga mage
  7224 | D        | Noticed a greater naga
  7226 | D        | Killed a greater naga
  7226 | D        | Reached XP level 15. HP: 93/93 MP: 28/44
  7227 | D        | Killed a greater naga
  7228 | D        | Killed a greater naga
  7228 | D        | Received a gift from Sif Muna
  7228 | D        | Reached skill level 27 in Spellcasting
  7228 | D        | Reached skill level 21 in Conjurations
  7229 | D        | Noticed a guardian serpent
  7231 | D        | Killed a greater naga
  7231 | D        | Killed a naga mage
  7232 | D        | Killed a naga warrior
  7232 | D        | Killed a greater naga
  7232 | D        | Reached skill level 21 in Fire Magic
  7232 | D        | Killed a guardian serpent
  7232 | D        | Received a gift from Sif Muna
  7233 | D        | Noticed a guardian serpent
  7235 | D        | Noticed a guardian serpent
  7236 | D        | Noticed a guardian serpent
  7236 | D        | Noticed a greater naga
  7236 | D        | Noticed a greater naga
  7241 | D        | HP: 15/93 [guardian serpent (16)]
  7248 | D        | Killed a guardian serpent
  7248 | D        | Killed a guardian serpent
  7252 | D        | HP: 12/93 [guardian serpent/bolt of poison (18)]
  7254 | D        | Killed a greater naga
  7504 | D        | Got a serpentine rune of Zot
  7513 | D        | Identified Sif Muna's Incunabulum of Attacks (Sif Muna gifted it to you in the Dungeon)
  7544 | D        | Learned a level 9 spell: Fire Storm
  7546 | D        | Noticed an eight-headed hydra
  7546 | D        | Noticed a swamp dragon
  7546 | D        | Noticed a four-headed hydra
  7546 | D        | Noticed a four-headed hydra
  7546 | D        | Noticed a four-headed hydra
  7546 | D        | Noticed a swamp dragon
  7546 | D        | Noticed a spriggan druid
  7548 | D        | Killed a four-headed hydra
  7548 | D        | Killed a four-headed hydra
  7548 | D        | Killed a swamp dragon
  7548 | D        | Killed a spriggan druid
  7549 | D        | Killed a four-headed hydra
  7549 | D        | Received a gift from Sif Muna
  7550 | D        | Killed an eight-headed hydra
  7551 | D        | Noticed a swamp dragon
  7551 | D        | Killed a swamp dragon
  7552 | D        | Noticed an eight-headed hydra
  7553 | D        | Noticed a seven-headed hydra
  7555 | D        | Noticed a four-headed hydra
  7556 | D        | Killed an eight-headed hydra
  7556 | D        | Killed a swamp dragon
  7556 | D        | Killed a four-headed hydra
  7557 | D        | Noticed a swamp drake
  7558 | D        | Killed a seven-headed hydra
  7558 | D        | Received a gift from Sif Muna
  7559 | D        | Noticed a seven-headed hydra
  7561 | D        | Killed a swamp drake
  7562 | D        | Killed a seven-headed hydra
  7566 | D        | Identified Sif Muna's Volume of Protection and Evil Arts (Sif Muna gifted it to you in the Dungeon)
  7598 | D        | Identified Gis Kaekoi's Volume of Augmentations and Evil Secrets (Sif Muna gifted it to you in the Dungeon)
  7606 | D        | Got a decaying rune of Zot
  7854 | D        | Noticed a merfolk impaler
  7854 | D        | Noticed a merfolk aquamancer
  7854 | D        | Noticed a merfolk impaler
  7854 | D        | Noticed a merfolk
  7854 | D        | Noticed a merfolk aquamancer
  7854 | D        | Noticed a merfolk
  7854 | D        | Noticed Ilsuiw
  7855 | D        | Killed a merfolk
  7855 | D        | Killed a merfolk impaler
  7855 | D        | Killed a merfolk aquamancer
  7856 | D        | Noticed a merfolk impaler
  7856 | D        | Killed a merfolk impaler
  7859 | D        | Killed a merfolk aquamancer
  7859 | D        | Killed Ilsuiw
  7859 | D        | Received a gift from Sif Muna
  7860 | D        | Noticed a merfolk impaler
  7861 | D        | Killed a merfolk impaler
  7862 | D        | Killed a merfolk impaler
  7864 | D        | Noticed a merfolk javelineer
  7866 | D        | Noticed a merfolk impaler
  7866 | D        | Killed a merfolk
  7867 | D        | Killed a merfolk javelineer
  7867 | D        | Killed a merfolk impaler
  7867 | D        | Received a gift from Sif Muna
  7868 | D        | Identified Sif Muna's Incunabulum of the Escort (Sif Muna gifted it to you in the Dungeon)
  7868 | D        | Identified Sif Muna's Catalogue of Benedictions (Sif Muna gifted it to you in the Dungeon)
  7869 | D        | Noticed a merfolk impaler
  7871 | D        | Noticed a merfolk javelineer
  7904 | D        | Killed a merfolk javelineer
  7904 | D        | Reached skill level 24 in Conjurations
  7904 | D        | Killed a merfolk impaler
  8026 | D        | Got a barnacled rune of Zot
  8037 | D        | Noticed a jumping spider
  8037 | D        | Noticed an emperor scorpion
  8037 | D        | Noticed a wolf spider
  8037 | D        | Noticed a redback
  8037 | D        | Noticed an emperor scorpion
  8037 | D        | Noticed an emperor scorpion
  8037 | D        | Noticed a moth of wrath
  8038 | D        | Killed a redback
  8038 | D        | Killed a wolf spider
  8039 | D        | Killed a jumping spider
  8041 | D        | Noticed a jumping spider
  8041 | D        | Killed an emperor scorpion
  8041 | D        | Killed an emperor scorpion
  8041 | D        | Received a gift from Sif Muna
  8042 | D        | Killed an emperor scorpion
  8042 | D        | Reached skill level 24 in Fire Magic
  8042 | D        | Killed a jumping spider
  8042 | D        | Killed a moth of wrath
  8042 | D        | Killed a moth of wrath
  8045 | D        | Noticed a jumping spider
  8046 | D        | Noticed an emperor scorpion
  8046 | D        | Killed a jumping spider
  8048 | D        | Noticed an emperor scorpion
  8050 | D        | Noticed a demonic crawler
  8052 | D        | Killed a demonic crawler
  8053 | D        | Killed an emperor scorpion
  8054 | D        | Killed an emperor scorpion
  8054 | D        | Received a gift from Sif Muna
  8055 | D        | Identified Sif Muna's Compendium of Execration and the Mountains (Sif Muna gifted it to you in the Dungeon)
  8094 | D        | Got a gossamer rune of Zot
  8119 | D        | Identified Sif Muna's Collected Works on Lucky Curses (Sif Muna gifted it to you in the Dungeon)
  8232 | D        | Noticed Mara
  8236 | D        | Killed Mara
  8236 | D        | Reached skill level 9 in Charms
  8236 | D        | Reached XP level 16. HP: 98/100 MP: 7/45
  8237 | D        | Noticed Boris
  8293 | D        | Killed Boris
  8375 | D        | Noticed Xtahua
  8467 | D        | Killed Xtahua
  8467 | D        | Received a gift from Sif Muna
  8467 | D        | Reached skill level 12 in Fighting
  8468 | D        | Identified Sif Muna's Handbook of Orientation (Sif Muna gifted it to you in the Dungeon)
  8673 | D        | Noticed a vault guard
  8673 | D        | Noticed a vault guard
  8673 | D        | Noticed a vault guard
  8673 | D        | Noticed a vault guard
  8673 | D        | Noticed a vault guard
  8673 | D        | Noticed a vault guard
  8673 | D        | Noticed a vault guard
  8678 | D        | Killed a vault guard
  8678 | D        | Killed a vault guard
  8679 | D        | Killed a vault guard
  8679 | D        | Reached skill level 18 in Invocations
  8679 | D        | Killed a vault guard
  8683 | D        | Killed a vault guard
  8684 | D        | Killed a vault guard
  8684 | D        | Killed a vault guard
  8685 | D        | Noticed a vault guard
  8686 | D        | Noticed a vault guard
  8689 | D        | Noticed a vault guard
  8691 | D        | Noticed a vault guard
  8691 | D        | Killed a vault guard
  8691 | D        | Killed a vault guard
  8691 | D        | Killed a vault guard
  8696 | D        | Noticed a vault guard
  8699 | D        | Killed a vault guard
  8700 | D        | Killed a vault guard
  8704 | D        | Noticed a vault guard
  8707 | D        | Noticed a vault guard
  8708 | D        | Killed a vault guard
  8709 | D        | Noticed a vault guard
  8710 | D        | Killed a vault guard
  8715 | D        | Killed a vault guard
  8717 | D        | Noticed a vault guard
  8721 | D        | Noticed a vault guard
  8729 | D        | Killed a vault guard
  8729 | D        | Received a gift from Sif Muna
  8738 | D        | Killed a vault guard
  8745 | D        | Noticed a vault guard
  8752 | D        | Noticed a vault guard
  8757 | D        | Killed a vault guard
  8760 | D        | Killed a vault guard
  8916 | D        | Noticed a vault guard
  8917 | D        | Noticed a vault guard
  8918 | D        | Noticed a vault guard
  8919 | D        | Noticed a vault guard
  8920 | D        | Killed a vault guard
  8920 | D        | Killed a vault guard
  8920 | D        | Killed a vault guard
  8921 | D        | Noticed a vault guard
  8922 | D        | Noticed a vault guard
  8923 | D        | Killed a vault guard
  8927 | D        | Killed a vault guard
  8927 | D        | Reached skill level 27 in Conjurations
  8927 | D        | Killed a vault guard
  8941 | D        | Learned a level 8 spell: Lehudib's Crystal Spear
  8998 | D        | Noticed a freezing wraith
  8998 | D        | Noticed a vault warden
  8998 | D        | Noticed a stone giant
  8998 | D        | Noticed a fire dragon
  8998 | D        | Noticed an ogre mage
  8998 | D        | Noticed a golden dragon
  8998 | D        | Noticed a vault sentinel
  8999 | D        | Killed an ogre mage
  8999 | D        | Reached skill level 3 in Earth Magic
  8999 | D        | Killed a vault sentinel
  9000 | D        | Noticed a vault warden
  9000 | D        | Killed a freezing wraith
  9001 | D        | Killed a stone giant
  9001 | D        | Reached skill level 6 in Earth Magic
  9001 | D        | Killed a golden dragon
  9001 | D        | Received a gift from Sif Muna
  9001 | D        | Killed a vault warden
  9003 | D        | Noticed a deep troll
  9006 | D        | Killed a fire dragon
  9006 | D        | Received a gift from Sif Muna
  9007 | D        | Killed a deep troll
  9007 | D        | Reached skill level 12 in Earth Magic
  9007 | D        | Killed a vault warden
  9008 | D        | Noticed an ironheart preserver
  9012 | D        | Noticed an ettin
  9013 | D        | Noticed a shadow dragon
  9013 | D        | Paralysed by an ironheart preserver for 2 turns
  9016 | D        | Killed an ettin
  9016 | D        | Killed an ironheart preserver
  9017 | D        | Noticed a deep elf priest
  9019 | D        | Killed a shadow dragon
  9019 | D        | Received a gift from Sif Muna
  9023 | D        | Identified Sif Muna's Papyrus of Destructive Clay (Sif Muna gifted it to you in the Dungeon)
  9023 | D        | Identified Sif Muna's Almanac of Icy Arcane Weapons (Sif Muna gifted it to you in the Dungeon)
  9039 | D        | Noticed a shadow dragon
  9039 | D        | Noticed a yaktaur captain
  9040 | D        | Killed a deep elf priest
  9043 | D        | Killed a yaktaur captain
  9043 | D        | Reached skill level 15 in Earth Magic
  9045 | D        | Killed a shadow dragon
  9046 | D        | Noticed a stone giant
  9093 | D        | Killed a stone giant
  9170 | D        | Learned a level 6 spell: Deflect Missiles
  9301 | D        | Noticed an ogre mage
  9304 | D        | Killed an ogre mage
  9331 | D        | Identified Sif Muna's Grimoire of Stones (Sif Muna gifted it to you in the Dungeon)
  9354 | D        | Got a crude golden ring
  9367 | D        | Identified the ring of Qetocs {+Fly rC+} (You found it in the Dungeon)
  9377 | D        | Noticed a cyclops
  9377 | D        | Noticed a shadow dragon
  9377 | D        | Noticed an ironbrand convoker
  9377 | D        | Noticed a quicksilver dragon
  9377 | D        | Noticed a shadow dragon
  9377 | D        | Noticed a shadow dragon
  9377 | D        | Noticed a golden dragon
  9379 | D        | a cyclops changed into a boring beetle
  9381 | D        | Killed an ironbrand convoker
  9381 | D        | Reached skill level 1 in Translocations
  9382 | D        | Killed a quicksilver dragon
  9382 | D        | Reached skill level 15 in Fighting
  9382 | D        | Reached XP level 17. HP: 111/113 MP: 22/46
  9382 | D        | Killed a shadow dragon
  9382 | D        | Received a gift from Sif Muna
  9383 | D        | Killed a shadow dragon
  9384 | D        | Identified Sif Muna's Reference Book on Mutagenic Earth (Sif Muna gifted it to you in the Dungeon)
  9390 | D        | Killed a shadow dragon
  9391 | D        | Noticed a shadow dragon
  9393 | D        | Noticed a red wasp
  9393 | D        | Killed a red wasp
  9396 | D        | Killed a shadow dragon
  9400 | D        | Killed a golden dragon
  9415 | D        | Got a silver rune of Zot
  9572 | D        | Noticed Nikola
  9577 | D        | Killed Nikola
  9579 | D        | Noticed a hell knight
  9580 | D        | Noticed Margery
  9581 | D        | Noticed a hell knight
  9583 | D        | Noticed a hell knight
  9583 | D        | Killed a hell knight
  9583 | D        | Reached skill level 18 in Fighting
  9586 | D        | Killed a hell knight
  9586 | D        | Killed Margery
  9586 | D        | Killed a hell knight
  9587 | D        | Noticed Jory
  9590 | D        | Noticed a hell knight
  9593 | D        | HP: 24/122 [Jory/crystal spear (74)]
  9594 | D        | Noticed a hell knight
  9594 | D        | Killed Jory
  9596 | D        | Killed a hell knight
  9608 | D        | Killed a hell knight
  9839 | D        | Got the ring "Clangenemo" {Ice rPois Int+4 Slay+5}
  9843 | D        | Got the ring of Balance {+Rage rF- Str+3 Stlth++}
  9846 | D        | Got the amulet of Sunlight {+Rage rN+}
  9848 | D        | Got the ring "Plog" {-Cast +Inv rC+ Str+1 Dex+4}
  9851 | D        | Got the ring of Ituixzau {Str+2 Dex+4 Int+3}
  9860 | D        | Got the +5 demon blade "Xeucef" {flame, rC+}
  9865 | D        | Got the +5 triple crossbow of Precise Incision {freeze, rPois rC+}
  9875 | D        | Got the +3 storm dragon armour of Grace {rElec Str-2 Int+3}
  9985 | D        | Noticed Frederick
  9989 | D        | Killed Frederick
 10056 | D        | Upgraded the game from 0.15-a0-2130-g28e4b74 to 0.15-a0-2139-g05c403e
 10086 | D        | Noticed a deep elf mage
 10086 | D        | Noticed a centaur warrior
 10086 | D        | Noticed a shadow
 10086 | D        | Noticed an octopode
 10086 | D        | Noticed a troll
 10086 | D        | Noticed an orc knight
 10087 | D        | Killed a centaur warrior
 10087 | D        | Killed a shadow
 10088 | D        | Killed a troll
 10088 | D        | Reached skill level 3 in Necromancy
 10089 | D        | Killed a deep elf mage
 10089 | D        | Killed an octopode
 10090 | D        | Noticed a trapdoor spider
 10090 | D        | Noticed a cyclops
 10092 | D        | Killed a trapdoor spider
 10092 | D        | Killed an orc knight
 10092 | D        | Killed a cyclops
 10107 | D        | Noticed a fire dragon
 10107 | D        | Noticed a storm dragon
 10107 | D        | Noticed a golden dragon
 10107 | D        | Noticed a fire dragon
 10107 | D        | Noticed a fire dragon
 10107 | D        | Noticed a fire dragon
 10107 | D        | Noticed a red draconian
 10109 | D        | Killed a fire dragon
 10109 | D        | Reached skill level 6 in Necromancy
 10111 | D        | Killed a fire dragon
 10111 | D        | Killed a golden dragon
 10111 | D        | Reached skill level 21 in Fighting
 10111 | D        | Reached skill level 9 in Necromancy
 10112 | D        | Killed a storm dragon
 10112 | D        | Received a gift from Sif Muna
 10113 | D        | Noticed a mottled draconian
 10113 | D        | Killed a fire dragon
 10116 | D        | Noticed an ice dragon
 10117 | D        | Killed a red draconian
 10117 | D        | Killed a fire dragon
 10120 | D        | Killed a mottled draconian
 10121 | D        | Noticed a golden dragon
 10124 | D        | Noticed a purple draconian
 10124 | D        | Killed an ice dragon
 10235 | D        | Killed a golden dragon
 10422 | D        | Killed a purple draconian
 10430 | D        | Noticed a mottled dragon
 10447 | D        | Killed a mottled dragon
 10570 | D        | Noticed an ice dragon
 10570 | D        | Noticed a tentacled monstrosity
 10570 | D        | Noticed a moth of wrath
 10570 | D        | Noticed a death cob
 10570 | D        | Noticed a moth of wrath
 10570 | D        | Noticed a moth of wrath
 10570 | D        | Noticed a storm dragon
 10571 | D        | Killed a death cob
 10571 | D        | Received a gift from Sif Muna
 10571 | D        | Killed a moth of wrath
 10571 | D        | Killed a moth of wrath
 10571 | D        | Killed a moth of wrath
 10573 | D        | Killed a tentacled monstrosity
 10575 | D        | Killed an ice dragon
 10575 | D        | Reached skill level 15 in Necromancy
 10588 | D        | Killed a storm dragon
 10590 | D        | Identified Izaciosa's Guide on Necromancy (Sif Muna gifted it to you in the Dungeon)
 10692 | D        | Learned a level 8 spell: Death's Door
 10717 | D        | Noticed a moth of wrath
 10717 | D        | Noticed a white draconian
 10717 | D        | Noticed a grey draconian caller
 10717 | D        | Noticed a yellow draconian caller
 10717 | D        | Noticed an ice dragon
 10717 | D        | Noticed a red draconian
 10717 | D        | Noticed a green draconian scorcher
 10718 | D        | Killed an ice dragon
 10718 | D        | Killed a yellow draconian caller
 10719 | D        | Killed a moth of wrath
 10719 | D        | Killed a white draconian
 10721 | D        | Killed a grey draconian caller
 10721 | D        | Received a gift from Sif Muna
 10722 | D        | Noticed a purple draconian
 10722 | D        | Killed a red draconian
 10722 | D        | Killed a green draconian scorcher
 10722 | D        | Killed a purple draconian
 10722 | D        | Reached XP level 18. HP: 106/136 MP: 4/46
 10867 | D        | Noticed a mottled draconian
 10867 | D        | Noticed a death cob
 10867 | D        | Noticed a yellow draconian scorcher
 10867 | D        | Noticed a fire dragon
 10867 | D        | Noticed a pale draconian
 10867 | D        | Noticed a purple draconian
 10867 | D        | Noticed a moth of wrath
 10868 | D        | Killed a yellow draconian scorcher
 10868 | D        | Killed a purple draconian
 10868 | D        | Killed a moth of wrath
 10868 | D        | Killed a death cob
 10868 | D        | Reached skill level 18 in Necromancy
 10869 | D        | Noticed a moth of wrath
 10869 | D        | Killed a mottled draconian
 10869 | D        | Received a gift from Sif Muna
 10869 | D        | Killed a pale draconian
 10870 | D        | Noticed a grey draconian
 10870 | D        | Killed a moth of wrath
 10873 | D        | Killed a grey draconian
 10875 | D        | Killed a fire dragon
 10888 | D        | Identified Sif Muna's Catalogue of Unholy Arts (Sif Muna gifted it to you in the Dungeon)
 11015 | D        | Noticed a purple draconian monk
 11015 | D        | Noticed a pale draconian zealot
 11015 | D        | Noticed a death cob
 11015 | D        | Noticed a death cob
 11015 | D        | Noticed a pale draconian knight
 11015 | D        | Noticed a moth of wrath
 11015 | D        | Noticed a green draconian zealot
 11016 | D        | Killed a death cob
 11016 | D        | Reached skill level 3 in Stealth
 11016 | D        | Killed a moth of wrath
 11017 | D        | Noticed a yellow draconian monk
 11017 | D        | Killed a pale draconian zealot
 11017 | D        | Reached skill level 15 in Dodging
 11017 | D        | Killed a death cob
 11017 | D        | Killed a pale draconian knight
 11018 | D        | Killed a green draconian zealot
 11020 | D        | Noticed a black draconian zealot
 11020 | D        | Killed a purple draconian monk
 11020 | D        | Reached skill level 6 in Stealth
 11023 | D        | Killed a yellow draconian monk
 11025 | D        | Killed a black draconian zealot
 11025 | D        | Received a gift from Sif Muna
 11026 | D        | Identified Sif Muna's Papyrus of Unholy Rituals (Sif Muna gifted it to you in the Dungeon)
 11239 | D        | Killed a guardian serpent
 11299 | D        | Noticed an Orb Guardian
 11299 | D        | Noticed an Orb Guardian
 11299 | D        | Noticed an Orb Guardian
 11299 | D        | Noticed an Orb Guardian
 11299 | D        | Noticed an Orb Guardian
 11299 | D        | Noticed an Orb Guardian
 11299 | D        | Noticed an Orb Guardian
 11300 | D        | Killed an Orb Guardian
 11300 | D        | Killed an Orb Guardian
 11300 | D        | Killed an Orb Guardian
 11300 | D        | Reached skill level 9 in Stealth
 11301 | D        | Killed an Orb Guardian
 11301 | D        | Reached skill level 21 in Invocations
 11302 | D        | Killed an Orb Guardian
 11303 | D        | Noticed an Orb Guardian
 11304 | D        | Killed an Orb Guardian
 11304 | D        | Reached skill level 24 in Fighting
 11305 | D        | Killed an Orb Guardian
 11305 | D        | Received a gift from Sif Muna
 11306 | D        | Killed an Orb Guardian
 11306 | D        | Reached skill level 18 in Earth Magic
 11307 | D        | Noticed an Orb Guardian
 11308 | D        | Noticed an Orb Guardian
 11309 | D        | Identified Sif Muna's Volume of Necromancy (Sif Muna gifted it to you in the Dungeon)
 11310 | D        | Killed an Orb Guardian
 11310 | D        | Killed an Orb Guardian
 11310 | D        | Reached skill level 12 in Stealth
 11426 | D        | Noticed a black draconian
 11426 | D        | Noticed a death cob
 11426 | D        | Noticed an Orb Guardian
 11426 | D        | Noticed an Orb Guardian
 11426 | D        | Noticed a storm dragon
 11426 | D        | Noticed a curse toe
 11426 | D        | Noticed an Orb Guardian
 11428 | D        | Killed a death cob
 11428 | D        | Killed an Orb Guardian
 11430 | D        | Killed a black draconian
 11430 | D        | Reached skill level 18 in Dodging
 11430 | D        | Killed a storm dragon
 11431 | D        | Killed an Orb Guardian
 11432 | D        | Killed an Orb Guardian
 11432 | D        | Killed an Orb Guardian
 11439 | D        | Killed a curse toe
 11439 | D        | Received a gift from Sif Muna
 11440 | D        | Identified Sif Muna's Handbook of Black Magic (Sif Muna gifted it to you in the Dungeon)
 11467 | D        | Noticed an ancient lich
 11467 | D        | Noticed an orb of fire
 11470 | D        | Killed an ancient lich
 11470 | D        | Reached skill level 15 in Stealth
 11473 | D        | Killed an orb of fire
 11473 | D        | Received a gift from Sif Muna
 11473 | D        | Reached XP level 19. HP: 109/145 MP: 7/47
 11474 | D        | Identified Sif Muna's Catalogue of Displacement (Sif Muna gifted it to you in the Dungeon)
 11611 | D        | Noticed an electric golem
 11621 | D        | Killed an electric golem
 11621 | D        | Reached skill level 9 in Translocations
 11643 | D        | Noticed a shadow dragon
 11643 | D        | Noticed an ancient lich
 11643 | D        | Noticed an Orb Guardian
 11643 | D        | Noticed an electric golem
 11643 | D        | Noticed a tentacled monstrosity
 11643 | D        | Noticed a green draconian caller
 11643 | D        | Noticed an ancient lich
 11644 | D        | Killed an Orb Guardian
 11644 | D        | Received a gift from Sif Muna
 11645 | D        | Killed an ancient lich
 11645 | D        | Received a gift from Sif Muna
 11645 | D        | Killed a shadow dragon
 11645 | D        | Reached skill level 15 in Translocations
 11646 | D        | Killed a tentacled monstrosity
 11646 | D        | Received a gift from Sif Muna
 11646 | D        | Killed an electric golem
 11649 | D        | Killed a green draconian caller
 11649 | D        | Received a gift from Sif Muna
 11649 | D        | Killed an ancient lich
 11649 | D        | Received a gift from Sif Muna
 11650 | D        | Noticed an orb of fire
 11659 | D        | Noticed a shadow dragon
 11659 | D        | Noticed a red draconian zealot
 11659 | D        | Noticed a moth of wrath
 11660 | D        | Noticed a moth of wrath
 11662 | D        | Killed an orb of fire
 11662 | D        | Reached skill level 3 in Armour
 11663 | D        | Killed a moth of wrath
 11663 | D        | Killed a moth of wrath
 11664 | D        | Killed a shadow dragon
 11666 | D        | Noticed a storm dragon
 11667 | D        | Killed a red draconian zealot
 11667 | D        | Received a gift from Sif Muna
 11669 | D        | Killed a storm dragon
 11675 | D        | Noticed a moth of wrath
 11680 | D        | Killed a moth of wrath
 11760 | D        | Learned a level 7 spell: Controlled Blink
 11766 | D        | Learned a level 5 spell: Phase Shift
 11790 | D        | Identified Sif Muna's Almanac of Helpful Feathers (Sif Muna gifted it to you in the Dungeon)
 11790 | D        | Identified Sif Muna's Volume of the Escort (Sif Muna gifted it to you in the Dungeon)
 11790 | D        | Identified Sif Muna's Compendium of Curses and the Escort (Sif Muna gifted it to you in the Dungeon)
 11790 | D        | Identified Moikila's Guide on Creative Snow (Sif Muna gifted it to you in the Dungeon)
 11805 | D        | Identified Sif Muna's Incunabulum of the Entourage (Sif Muna gifted it to you in the Dungeon)
 11883 | D        | Noticed an Orb Guardian
 11883 | D        | Noticed an Orb Guardian
 11883 | D        | Noticed an Orb Guardian
 11883 | D        | Noticed an Orb Guardian
 11883 | D        | Noticed an Orb Guardian
 11883 | D        | Noticed an Orb Guardian
 11883 | D        | Noticed a moth of wrath
 11884 | D        | Killed an Orb Guardian
 11884 | D        | Killed an Orb Guardian
 11884 | D        | Killed an Orb Guardian
 11884 | D        | Killed an Orb Guardian
 11885 | D        | Killed an Orb Guardian
 11885 | D        | Reached skill level 21 in Earth Magic
 11885 | D        | Killed a moth of wrath
 11885 | D        | Reached skill level 6 in Armour
 11885 | D        | Killed an Orb Guardian
 11885 | D        | Received a gift from Sif Muna
 11885 | D        | Reached skill level 21 in Dodging
 11885 | D        | Reached skill level 18 in Stealth
 11886 | D        | Noticed an Orb Guardian
 11888 | D        | Noticed an Orb Guardian
 11890 | D        | Noticed an Orb Guardian
 11891 | D        | Killed an Orb Guardian
 11891 | D        | Killed an Orb Guardian
 11893 | D        | Noticed an Orb Guardian
 11893 | D        | Killed an Orb Guardian
 11893 | D        | Reached skill level 24 in Invocations
 11894 | D        | Noticed an Orb Guardian
 11896 | D        | Noticed a moth of wrath
 11896 | D        | Killed an Orb Guardian
 11896 | D        | Killed an Orb Guardian
 11896 | D        | Killed a moth of wrath
 11897 | D        | Identified Hag Ofa's Guide on Weightlessness (Sif Muna gifted it to you in the Dungeon)
 11899 | D        | Noticed an Orb Guardian
 11904 | D        | Killed an Orb Guardian
 12117 | D        | Noticed a vampire knight
 12117 | D        | Noticed a lich
 12117 | D        | Noticed a vampire knight
 12117 | D        | Noticed a vampire knight
 12117 | D        | Noticed a vampire knight
 12117 | D        | Noticed a lich
 12117 | D        | Noticed a vampire knight
 12118 | D        | Killed a vampire knight
 12119 | D        | Killed a vampire knight
 12120 | D        | Noticed a vampire knight
 12120 | D        | Killed a vampire knight
 12120 | D        | Killed a lich
 12120 | D        | Received a gift from Sif Muna
 12120 | D        | Killed a lich
 12122 | D        | Killed a vampire knight
 12122 | D        | Killed a vampire knight
 12123 | D        | Noticed an ancient lich
 12127 | D        | Paralysed by a vampire knight for 5 turns
 12129 | D        | Noticed a vampire knight
 12138 | D        | Killed a vampire knight
 12141 | D        | Killed a vampire knight
 12141 | D        | Reached XP level 20. HP: 10/154 MP: 4/48
 12143 | D        | Noticed a lich
 12149 | D        | Killed an ancient lich
 12149 | D        | Reached skill level 9 in Armour
 12370 | D        | Killed a lich
 12395 | D        | Identified Sif Muna's Compendium of Moulding (Sif Muna gifted it to you in the Dungeon)
 12434 | D        | ha
 12437 | D        | Learned a level 1 spell: Summon Butterflies
 12443 | D        | Noticed a spriggan baker
 12443 | D        | Noticed a spriggan baker
 12443 | D        | Noticed a spriggan baker
 12443 | D        | Noticed a spriggan baker
 12443 | D        | Noticed a spriggan baker
 12443 | D        | Noticed a spriggan baker
 12443 | D        | Noticed a spriggan baker
 12445 | D        | Killed a spriggan baker
 12445 | D        | Killed a spriggan baker
 12445 | D        | Killed a spriggan baker
 12445 | D        | Killed a spriggan baker
 12445 | D        | Killed a spriggan baker
 12445 | D        | Killed a spriggan baker
 12454 | D        | Noticed a spriggan baker
 12456 | D        | Noticed a spriggan baker
 12456 | D        | Killed a spriggan baker
 12456 | D        | Killed a spriggan baker
 12456 | D        | Killed a spriggan baker
 12458 | D        | Noticed a spriggan baker
 12459 | D        | Noticed a spriggan baker
 12464 | D        | Killed a spriggan baker
 12465 | D        | Killed a spriggan baker
 12595 | D        | Noticed a deep elf sorcerer
 12595 | D        | Noticed a deep elf sorcerer
 12595 | D        | Noticed a deep elf sorcerer
 12595 | D        | Noticed a deep elf demonologist
 12595 | D        | Noticed a deep elf master archer
 12595 | D        | Noticed a deep elf demonologist
 12595 | D        | Noticed a deep elf blademaster
 12596 | D        | Killed a deep elf sorcerer
 12596 | D        | Received a gift from Sif Muna
 12596 | D        | Killed a deep elf sorcerer
 12596 | D        | Killed a deep elf demonologist
 12596 | D        | Killed a deep elf master archer
 12596 | D        | Killed a deep elf demonologist
 12596 | D        | Reached skill level 27 in Fire Magic
 12596 | D        | Killed a deep elf sorcerer
 12604 | D        | Noticed a deep elf demonologist
 12604 | D        | Killed a deep elf blademaster
 12607 | D        | Noticed a deep elf blademaster
 12607 | D        | Killed a deep elf demonologist
 12614 | D        | Noticed a deep elf demonologist
 12615 | D        | Killed a deep elf blademaster
 12616 | D        | Killed a deep elf demonologist
 12616 | D        | Killed a deep elf annihilator
 12619 | D        | Noticed a deep elf death mage
 12621 | D        | Noticed a deep elf sorcerer
 12623 | D        | Killed a deep elf death mage
 12623 | D        | Killed a deep elf sorcerer
 12635 | D        | Noticed a deep elf high priest
 12636 | D        | Killed a deep elf high priest
 12654 | D        | Got an elven rune of Zot
 12784 | D        | Noticed a death ooze
 12784 | D        | Noticed an eye of draining
 12784 | D        | Noticed an acid blob
 12784 | D        | Noticed an acid blob
 12784 | D        | Noticed an acid blob
 12784 | D        | Noticed an acid blob
 12784 | D        | Noticed a death ooze
 12785 | D        | Killed an eye of draining
 12785 | D        | Killed a death ooze
 12785 | D        | Killed an acid blob
 12785 | D        | Killed an acid blob
 12785 | D        | Received a gift from Sif Muna
 12786 | D        | Killed an acid blob
 12787 | D        | Killed a death ooze
 12788 | D        | Killed an acid blob
 12789 | D        | Noticed a golden eye
 12790 | D        | Killed a golden eye
 12795 | D        | Noticed an azure jelly
 12796 | D        | Noticed an acid blob
 12799 | D        | Identified Sif Muna's Almanac of Nocuous Transmutation (Sif Muna gifted it to you in the Dungeon)
 12801 | D        | Killed an azure jelly
 12801 | D        | Reached skill level 12 in Armour
 12801 | D        | Reached skill level 24 in Dodging
 12804 | D        | Noticed an azure jelly
 12812 | D        | Noticed the royal jelly
 12812 | D        | Killed an azure jelly
 12812 | D        | Killed an acid blob
 12812 | D        | Killed a death ooze
 12824 | D        | Killed the royal jelly
 12824 | D        | Reached skill level 24 in Earth Magic
 12841 | D        | Noticed an acid blob
 12842 | D        | Noticed an acid blob
 12842 | D        | Killed an acid blob
 12843 | D        | Noticed an acid blob
 12844 | D        | Noticed an acid blob
 12844 | D        | Killed an acid blob
 12844 | D        | Received a gift from Sif Muna
 12845 | D        | Killed an acid blob
 12845 | D        | Reached skill level 27 in Fighting
 12847 | D        | Killed an acid blob
 12854 | D        | Identified Sif Muna's Catalogue of the Entourage (Sif Muna gifted it to you in the Dungeon)
 12863 | D        | Got a slimy rune of Zot
 13363 | D        | Learned a level 8 spell: Necromutation
 13392 | D        | Noticed a sphinx
 13392 | D        | Noticed a sphinx
 13392 | D        | Noticed a sphinx
 13392 | D        | Noticed a sphinx
 13392 | D        | Noticed a sphinx
 13392 | D        | Noticed a sphinx
 13392 | D        | Noticed a sphinx
 13393 | D        | Killed a sphinx
 13393 | D        | Killed a sphinx
 13393 | D        | Killed a sphinx
 13393 | D        | Reached skill level 27 in Invocations
 13393 | D        | Killed a sphinx
 13394 | D        | Killed a sphinx
 13394 | D        | Killed a sphinx
 13394 | D        | Killed a sphinx
 13396 | D        | Killed a sphinx
 13396 | D        | Received a gift from Sif Muna
 13397 | D        | Noticed a sphinx
 13397 | D        | Identified Sif Muna's Disquisition on Quantum Creation (Sif Muna gifted it to you in the Dungeon)
 13400 | D        | Killed a sphinx
 13400 | D        | Reached skill level 15 in Armour
 13400 | D        | Killed a sphinx
 13403 | D        | Noticed a sphinx
 13405 | D        | Killed a sphinx
 13406 | D        | Noticed a sphinx
 13411 | D        | Killed a sphinx
 13567 | D        | Noticed a guardian mummy
 13567 | D        | Noticed a guardian mummy
 13567 | D        | Noticed a guardian mummy
 13567 | D        | Noticed a guardian mummy
 13567 | D        | Noticed a guardian mummy
 13567 | D        | Noticed a guardian mummy
 13567 | D        | Noticed a guardian mummy
 13568 | D        | Killed a guardian mummy
 13568 | D        | Reached skill level 12 in Charms
 13568 | D        | Killed a guardian mummy
 13568 | D        | Killed a guardian mummy
 13568 | D        | Killed a guardian mummy
 13568 | D        | Killed a guardian mummy
 13568 | D        | Killed a guardian mummy
 13568 | D        | Received a gift from Sif Muna
 13569 | D        | Killed a guardian mummy
 13571 | D        | Noticed a guardian mummy
 13573 | D        | Killed a guardian mummy
 13573 | D        | Killed a guardian mummy
 13579 | D        | Noticed a guardian mummy
 13581 | D        | Killed a guardian mummy
 13584 | D        | Identified Sif Muna's Disquisition on the Bewitching Frostbite (Sif Muna gifted it to you in the Dungeon)
 13683 | D        | Noticed a greater mummy
 13683 | D        | Noticed a guardian mummy
 13683 | D        | Noticed a guardian mummy
 13683 | D        | Noticed a mummy priest
 13683 | D        | Noticed a guardian mummy
 13683 | D        | Noticed a guardian mummy
 13683 | D        | Noticed a guardian mummy
 13684 | D        | Killed a guardian mummy
 13684 | D        | Killed a guardian mummy
 13684 | D        | Killed a mummy priest
 13684 | D        | Reached skill level 21 in Necromancy
 13684 | D        | Killed a guardian mummy
 13685 | D        | Killed a guardian mummy
 13686 | D        | Killed a greater mummy
 13686 | D        | Received a gift from Sif Muna
 13686 | D        | Reached XP level 21. HP: 163/163 MP: 24/48
 13688 | D        | Noticed a mummy priest
 13691 | D        | Killed a guardian mummy
 13692 | D        | Noticed a guardian mummy
 13692 | D        | Killed a mummy priest
 13692 | D        | Reached skill level 27 in Dodging
 13692 | D        | Killed a guardian mummy
 13703 | D        | Identified Sif Muna's Incunabulum of the Rocks (Sif Muna gifted it to you in the Dungeon)
 13829 | D        | Noticed a mummy priest
 13829 | D        | Noticed a greater mummy
 13829 | D        | Noticed a guardian mummy
 13829 | D        | Noticed a greater mummy
 13829 | D        | Noticed a greater mummy
 13829 | D        | Noticed a greater mummy
 13829 | D        | Noticed a greater mummy
 13830 | D        | Killed a guardian mummy
 13830 | D        | Killed a mummy priest
 13830 | D        | Reached skill level 1 in Unarmed Combat
 13831 | D        | Killed a greater mummy
 13831 | D        | Received a gift from Sif Muna
 13831 | D        | Reached skill level 3 in Unarmed Combat
 13831 | D        | Reached skill level 15 in Charms
 13832 | D        | Killed a greater mummy
 13832 | D        | Killed a greater mummy
 13832 | D        | Received a gift from Sif Muna
 13832 | D        | Killed a greater mummy
 13832 | D        | Received a gift from Sif Muna
 13832 | D        | Reached skill level 6 in Unarmed Combat
 13832 | D        | Reached skill level 27 in Earth Magic
 13834 | D        | Noticed a greater mummy
 13835 | D        | Killed a greater mummy
 13837 | D        | Noticed a greater mummy
 13841 | D        | Killed a greater mummy
 13841 | D        | Received a gift from Sif Muna
 13841 | D        | Reached skill level 18 in Charms
 13846 | D        | Killed a greater mummy
 13846 | D        | Reached skill level 9 in Unarmed Combat
 13860 | D        | Identified Sif Muna's Grimoire of the Entourage (Sif Muna gifted it to you in the Dungeon)
 13860 | D        | Identified Dusoe's Incunabulum of Enchantment and the Entourage (Sif Muna gifted it to you in the Dungeon)
 13866 | D        | Identified Sif Muna's Compendium of the Entourage (Sif Muna gifted it to you in the Dungeon)
 13878 | D        | Got a golden rune of Zot
 13994 | D        | Learned a level 8 spell: Death's Door
 14007 | D        | Noticed a raiju
 14007 | D        | Noticed a small abomination
 14007 | D        | Noticed an iron imp
 14007 | D        | Noticed a raiju
 14007 | D        | Noticed an ancient zyme
 14007 | D        | Noticed a wandering mushroom
 14007 | D        | Noticed a rakshasa
 14008 | D        | Killed an iron imp
 14008 | D        | Killed a small abomination
 14008 | D        | Killed a raiju
 14008 | D        | Killed a raiju
 14008 | D        | Reached skill level 21 in Stealth
 14008 | D        | Killed an ancient zyme
 14008 | D        | Killed a wandering mushroom
 14009 | D        | Noticed an orange demon
 14010 | D        | Killed a rakshasa
 14010 | D        | Killed an orange demon
 14015 | D        | Noticed a small abomination
 14017 | D        | Noticed an ancient zyme
 14017 | D        | Killed a small abomination
 14020 | D        | Killed an ancient zyme
 14044 | D        | Got an abyssal rune of Zot
 14159 | D        | Killed a naga mage
 14232 | D        | Noticed Geryon
 14237 | D        | Killed Geryon
 14248 | D        | Noticed Asmodeus
 14248 | D        | Noticed Antaeus
 14248 | D        | Noticed Cerebov
 14348 | D        | Killed Asmodeus
 14348 | D        | Reached skill level 24 in Stealth
 15019 | D        | HP: 23/163 [Antaeus (16)]
 15019 | D        | HP: 7/163 [Antaeus (16)]
 15042 | D        | Killed Antaeus
 15043 | D        | O god
 15226 | D        | Upgraded the game from 0.15-a0-2139-g05c403e to 0.15-a0-2150-g4d68560
 16464 | D        | HP: 6/163 [Cerebov/great blast of fire (31)]
 16472 | D        | Killed Cerebov
 16472 | D        | Reached skill level 27 in Stealth
 16684 | D        | Noticed Gloorx Vloq
 16726 | D        | Learned a level 8 spell: Necromutation
 16826 | D        | Learned a level 8 spell: Necromutation
 16836 | D        | Learned a level 8 spell: Death's Door
 17009 | D        | Killed Gloorx Vloq
 17009 | D        | Received a gift from Sif Muna
 17009 | D        | Reached skill level 24 in Necromancy
 17010 | D        | Identified Sif Muna's Compendium of Lightness and Transformation (Sif Muna gifted it to you in the Dungeon)
 17325 | D        | Got an obsidian rune of Zot
 17329 | D        | Got an icy rune of Zot
 17330 | D        | Noticed Mnoleg
 17373 | D        | Learned a level 8 spell: Necromutation
 17411 | D        | Noticed Lom Lobon
 17414 | D        | Noticed Ereshkigal
 17420 | D        | Killed Mnoleg
 17420 | D        | Received a gift from Sif Muna
 17420 | D        | Reached skill level 21 in Translocations
 17420 | D        | Reached XP level 22. HP: 82/169 MP: 9/49
 17678 | D        | Killed Ereshkigal
 17678 | D        | Received a gift from Sif Muna
 17678 | D        | Received a gift from Sif Muna
 17678 | D        | Reached skill level 18 in Unarmed Combat
 17679 | D        | Identified Muudiq's Catalogue of Companions (Sif Muna gifted it to you in the Dungeon)
 17679 | D        | Identified Sif Muna's Guide on Destructive Lightness (Sif Muna gifted it to you in the Dungeon)
 17701 | D        | Noticed Dispater
 17900 | D        | HP: 28/169 [Hell Sentinel/blast of hellfire[Dispater] (35)]
 17959 | D        | Learned a level 8 spell: Death's Door
 18131 | D        | Killed Dispater
 18131 | D        | Received a gift from Sif Muna
 18132 | D        | Identified Iqitteat's Incunabulum of Earthen Moulding (Sif Muna gifted it to you in the Dungeon)
 18173 | D        | Learned a level 2 spell: Sublimation of Blood
 18265 | D        | Identified Sif Muna's Almanac of Air (Sif Muna gifted it to you in the Dungeon)
 18320 | D        | Learned a level 8 spell: Necromutation
 18370 | D        | Killed Lom Lobon
 18370 | D        | Received a gift from Sif Muna
 18371 | D        | Identified Sif Muna's Handbook of Damaging Lightness (Sif Muna gifted it to you in the Dungeon)
 18419 | D        | Learned a level 8 spell: Death's Door
 18613 | D        | Got a fiery rune of Zot
 18617 | D        | Got a dark rune of Zot
 18621 | D        | Got a glowing rune of Zot
 18625 | D        | Got a magical rune of Zot
 18629 | D        | Got a bone rune of Zot
 18633 | D        | Got an iron rune of Zot
 18913 | D        | Got the Orb of Zot
 19192 | D        | Noticed Crigaqiq the pandemonium lord
 19199 | D        | Killed Crigaqiq the pandemonium lord
 19199 | D        | Received a gift from Sif Muna
 19199 | D        | Reached skill level 24 in Translocations
 19202 | D        | Identified Sif Muna's Incunabulum of Aerial Arcane Weapons (Sif Muna gifted it to you in the Dungeon)
 19395 | D        | Noticed Thruffa the pandemonium lord
 19401 | D        | Killed Thruffa the pandemonium lord
 19417 | D        | Received a gift from Sif Muna
 19418 | D        | Identified Lehudib's Tome of Feathery Conjuration (Sif Muna gifted it to you in the Dungeon)
 19427 | D        | Reached skill level 21 in Unarmed Combat
 19749 | D        | Noticed Vuteanlo the pandemonium lord
 19761 | D        | Killed Vuteanlo the pandemonium lord
 19849 | D        | Reached skill level 24 in Unarmed Combat
 19873 | D        | Killed a greater naga
 19945 | D        | Killed a fire giant
 20149 | D        | Noticed Hikloitz the pandemonium lord
 20153 | D        | Killed Hikloitz the pandemonium lord
 20229 | D        | Noticed Smaunkapn the pandemonium lord
 20235 | D        | Gained mutation: You occasionally shout uncontrollably at your foes. [mutagenic glow]
 20239 | D        | Killed Smaunkapn the pandemonium lord
 20281 | D        | Gained mutation: You are dopey. (Int -2) [mutagenic glow]
 20338 | D        | Gained mutation: You are frail (-10% HP). [mutagenic glow]
 20393 | D        | Reached skill level 27 in Unarmed Combat
 20396 | D        | Lost mutation: You are partially covered in molten scales (AC +1). [mutagenic glow]
 20481 | D        | Received a gift from Sif Muna
 20483 | D        | Reached skill level 1 in Summonings
 20486 | D        | Identified Sif Muna's Disquisition on Harmful Flight (Sif Muna gifted it to you in the Dungeon)
 20562 | D        | Received a gift from Sif Muna
 20564 | D        | Reached skill level 27 in Necromancy
 20571 | D        | Identified Sif Muna's Almanac of Hurtful Feathers (Sif Muna gifted it to you in the Dungeon)
 20697 | D        | Reached skill level 21 in Charms
 20771 | D        | Noticed Tyluoqy the pandemonium lord
 20781 | D        | Killed Tyluoqy the pandemonium lord
 20781 | D        | Received a gift from Sif Muna
 20781 | D        | Reached XP level 23. HP: 110/157 MP: 1/49
 20782 | D        | Identified Sif Muna's Papyrus of Harmful Feathers (Sif Muna gifted it to you in the Dungeon)
 20787 | D        | Gained mutation: You tend to lose your temper in combat. [mutagenic glow]
 20794 | D        | Received a gift from Sif Muna
 20794 | D        | Reached skill level 27 in Translocations
 20855 | D        | Reached skill level 24 in Charms
 20861 | D        | Received a gift from Sif Muna
 20862 | D        | Identified Iskenderun's Tome of Gliding Confrontation (Sif Muna gifted it to you in the Dungeon)
 20935 | D        | Noticed Klyngyma the pandemonium lord
 20939 | D        | Received a gift from Sif Muna
 20941 | D        | Killed Klyngyma the pandemonium lord
 20941 | D        | Reached skill level 18 in Armour
 20941 | D        | Reached skill level 27 in Charms
 20942 | D        | Identified Sif Muna's Papyrus of Harmful Weightlessness (Sif Muna gifted it to you in the Dungeon)
 20943 | D        | Noticed Pidy the pandemonium lord
 20966 | D        | Killed Pidy the pandemonium lord
 21019 | D        | Gained mutation: You have a pair of small horns on your head. [mutagenic glow]
 21124 | D        | Noticed Friteof the pandemonium lord
 21129 | D        | Killed Friteof the pandemonium lord
 21129 | D        | Received a gift from Sif Muna
 21129 | D        | Reached skill level 21 in Armour
 21129 | D        | Reached skill level 9 in Poison Magic
 21131 | D        | Identified Sif Muna's Almanac of Excruciating Air (Sif Muna gifted it to you in the Dungeon)
 21186 | D        | Lost mutation: You are frail (-10% HP). [potion of cure mutation]
 21186 | D        | Lost mutation: You tend to lose your temper in combat. [potion of cure mutation]
 21186 | D        | Lost mutation: You are somewhat resistant to further mutation. [potion of cure mutation]
 21186 | D        | Lost mutation: You occasionally shout uncontrollably at your foes. [potion of cure mutation]
 21192 | D        | Escaped with the Orb!

Vault maps used:
D:        linesprint

Action                   |  1- 3 |  4- 6 |  7- 9 | 10-12 | 13-15 | 16-18 | 19-21 | 22-24 || total
-------------------------+-------+-------+-------+-------+-------+-------+-------+-------++-------
Melee: Unarmed           |    12 |       |       |       |       |       |       |    33 ||    45
       Dagger            |     9 |       |       |       |       |       |       |       ||     9
       Halberd           |       |     2 |     7 |     7 |       |       |       |       ||    16
       Great sword       |       |       |       |       |       |       |     2 |       ||     2
 Cast: Sting             |    12 |     4 |     6 |     2 |       |       |       |       ||    24
       Mephitic Cloud    |       |     2 |       |    10 |       |       |       |       ||    12
       Venom Bolt        |       |     1 |    17 |    73 |     6 |       |       |       ||    97
       Shroud of Golubri |       |       |     2 |    15 |    22 |    12 |    42 |     9 ||   102
       Passage of Golubr |       |       |     2 |     8 |    11 |     7 |     2 |       ||    30
       Poisonous Cloud   |       |       |       |     4 |    19 |     1 |       |       ||    24
       Orb of Destructio |       |       |       |    17 |    34 |       |       |       ||    51
       Fireball          |       |       |       |    11 |    14 |     3 |       |     2 ||    30
       Force Lance       |       |       |       |     6 |     1 |       |       |       ||     7
       Sticky Flame      |       |       |       |     6 |       |       |       |       ||     6
       Blink             |       |       |       |     2 |     7 |       |       |     3 ||    12
       Regeneration      |       |       |       |       |     9 |     9 |    21 |    29 ||    68
       Bolt of Fire      |       |       |       |       |    62 |    34 |    11 |       ||   107
       Delayed Fireball  |       |       |       |       |     2 |     1 |       |       ||     3
       Cure Poison       |       |       |       |       |     4 |       |       |     2 ||     6
       Haste             |       |       |       |       |     5 |    12 |    28 |    16 ||    61
       Repel Missiles    |       |       |       |       |     2 |       |       |       ||     2
       Poison Arrow      |       |       |       |       |     1 |       |       |       ||     1
       Fire Storm        |       |       |       |       |    14 |    59 |    60 |    45 ||   178
       Lehudib's Crystal |       |       |       |       |       |    28 |    80 |   128 ||   236
       Deflect Missiles  |       |       |       |       |       |     2 |     1 |       ||     3
       Phase Shift       |       |       |       |       |       |       |    42 |     9 ||    51
       Death's Door      |       |       |       |       |       |       |     3 |       ||     3
       Necromutation     |       |       |       |       |       |       |     6 |     1 ||     7
       Summon Butterflie |       |       |       |       |       |       |     1 |     2 ||     3
       Controlled Blink  |       |       |       |       |       |       |     6 |     3 ||     9
       Sublimation of Bl |       |       |       |       |       |       |       |    30 ||    30
Invok: Channel Energy    |       |       |       |    88 |   126 |   116 |   250 |   148 ||   728
       Forget Spell      |       |       |       |     2 |     3 |     5 |     8 |     3 ||    21
 Abil: Release Delayed F |       |       |       |       |     1 |       |       |       ||     1
       End Transformatio |       |       |       |       |       |       |     2 |     1 ||     3
Evoke: Wand              |     1 |     1 |     5 |     2 |       |     1 |       |       ||    10
  Use: Potion            |     1 |     1 |     1 |       |     4 |       |     1 |    10 ||    18
       Scroll            |       |       |       |     1 |    13 |       |     2 |     1 ||    17
  Eat: Chunk             |       |       |     2 |    10 |    11 |    17 |     6 |       ||    46
       Bread ration      |       |       |     1 |     1 |     4 |     2 |     5 |       ||    13
       Fruit             |       |       |       |     7 |     5 |     8 |    13 |     4 ||    37
       Meat ration       |       |       |       |       |       |       |     3 |     8 ||    11
